 Dungeon Crawl Stone Soup version 0.28.0-45-g0d030f2227 (webtiles) character file.

Game seed: 9367706837375628988

3 pkoi the Gusty (level 1, 0/14 HPs)
             Began as a Demigod Air Elementalist on Apr 21, 2022.
             Slain by a hobgoblin (2 damage)
             ... on level 1 of the Dungeon.
             The game lasted 00:00:26 (174 turns).

pkoi the Gusty (Demigod Air Elementalist)            Turns: 174, Time: 00:00:27

Health: 0/14       AC:  2    Str:  9    XL:     1   Next: 33%
Magic:  1/5        EV: 12    Int: 17    God:
Gold:   30         SH:  0    Dex: 14    Spells: 2/3 levels left

rFire   . . .      SeeInvis .   b - +0 dagger
rCold   . . .      Faith    .   (no shield)
rNeg    . . .      Spirit   .   a - +0 robe
rPois   .          Reflect  .   (no helmet)
rElec   .          Harm     .   (no cloak)
rCorr   .          Rampage  .   (no gloves)
Will    .....                   (no boots)
Stlth   ++........              (no amulet)
HPRegen 0.04/turn               (no ring)
MPRegen 0.09/turn               (no ring)

@: no status effects
A: high MP 1, forlorn, divine attributes
a: no special abilities


You were on level 1 of the Dungeon.
You visited 1 branch of the dungeon, and saw 1 of its levels.

You collected 30 gold pieces.

Inventory:

Hand Weapons
 b - a +0 dagger (weapon)
Armour
 a - a +0 robe (worn)


   Skills:
 - Level 1.7 Dodging
 - Level 1.7 Stealth
 - Level 1.7 Spellcasting
 - Level 0.8 Conjurations
 + Level 2.9 Air Magic


You had 2 spell levels left.
You knew the following spells:

 Your Spells              Type           Power      Damage    Failure   Level
a - Shock                 Conj/Air       32%        1d5       9%          1

Your spell library contained the following spells:

 Spells                   Type           Power      Damage    Failure   Level
 Static Discharge         Conj/Air       8%         N/A       14%         2
 Foxfire                  Conj/Fire      8%         2x1d4     17%         1
 Swiftness                Air            11%        N/A       19%         3
 Conjure Flame            Conj/Fire      2%         6-21      45%         3
 Inner Flame              Hex/Fire       1%         N/A       52%         3
 Airstrike                Air            5%         N/A       52%         4
 Flame Wave               Conj/Fire      2%         2d4       86%         4


Dungeon Overview and Level Annotations

Branches:
Dungeon (1/15)


Innate Abilities, Weirdness & Mutations

You have an increased reservoir of magic. (+10% MP)
You shall have no god before yourself.
Your divine heritage dramatically boosts your attributes as you level up.


Message History

The hobgoblin is almost dead.
The jackal barely misses you. The jackal misses you.
The jackal barely misses you. The hobgoblin barely misses you.
Unknown command.
You closely miss the hobgoblin.
The hobgoblin is almost dead.
The jackal misses you. The jackal closely misses you.
The hobgoblin barely misses you. The jackal closely misses you.
Unknown command.
You closely miss the hobgoblin.
The hobgoblin is almost dead.
The jackal closely misses you. The jackal misses you. The hobgoblin hits you.
* * * LOW HITPOINT WARNING * * *
Unknown command.
You closely miss the hobgoblin.
The hobgoblin is almost dead.
The jackal bites you but does no damage.
The jackal bites you.
* * * LOW HITPOINT WARNING * * *
The jackal barely misses you. The hobgoblin misses you.
Unknown command.
You hit the hobgoblin but do no damage.
The hobgoblin is almost dead.
The jackal closely misses you. x2; The jackal misses you.
The hobgoblin hits you but does no damage.
Unknown command.
You barely miss the hobgoblin.
The hobgoblin is almost dead.
The jackal barely misses you. x2
The jackal bites you but does no damage.
The hobgoblin misses you.
Unknown command.
Aiming: Shock (safe; 9% risk of failure)
Press: ? - help, Q - select action Shift-Dir - straight line, p - jackal The zap hits the jackal.
You kill the jackal!
The zap misses the bat.
The bat closely misses you. The jackal barely misses you.
The hobgoblin hits you.
You die...

#. #.. #.## #.#
######..####.###...
........(...........
######.####.#####..###.#
#.# #..# ##.....# #.#
#.## #...... . #.###g#
#....$##.. #..##@#
#....... ##..†h#
#.....##.. #.b###
#h........ #...# #.....#
#...#.#######.....#
.....###..#..........#
##### ##...##.......#
#.........#####
#..#.....>.#


You could see a jackal, a hobgoblin and a bat.

Vanquished Creatures
  A bat (D:1)
  2 jackals (D:1)
  A kobold (D:1)
4 creatures vanquished.

Notes
Turn   | Place    | Note
-------+----------+-------------------------------------------
     0 | D:1      | pkoi the Demigod Air Elementalist began the quest for the
                  | Orb.
     0 | D:1      | Reached XP level 1. HP: 14/14 MP: 5/5
   174 | D:1      | Slain by a hobgoblin

Illustrated notes

Levels and vault maps discovered:
D:1:      onia_arrival_mini_maze_b, layout_rooms,
          hellmonk_ecumenical_altar_watching_god

Action                   || total
-------------------------++-------
Melee: Dagger            ||    11
 Cast: Shock             ||     9
  Use: Scroll            ||     1
Armor: Robe              ||     5
Dodge: Dodged            ||    36
